 Dungeon Crawl Stone Soup version 0.17-a0-2148-g9c1f372 (webtiles) character file.

1724 Geeful the Ruffian (level 8, -1/120 HPs)
             Began as a Troll Monk on Oct 24, 2015.
             Slain by a slave (3 damage)
             ... led by Pikel
             ... on level 6 of the Dungeon.
             The game lasted 00:17:55 (6237 turns).

Geeful the Ruffian (Troll Monk)                     Turns: 6237, Time: 00:17:55

Health: -1/120     AC: 24    Str: 20    XL:     8   Next: 75%
Magic:  7/7        EV:  1    Int:  6    God:
Gold:   330        SH:  0    Dex: 14    Spells: 0 memorised, 7 levels left

rFire  . . .     SeeInvis +       - Unarmed
rCold  . . .     Clarity  .     (armour currently unavailable)
rNeg   + + +     SustAt   .     (no shield)
rPois  +         Gourm    +     (helmet currently unavailable)
rElec  .         Spirit   .     (cloak currently unavailable)
rCorr  .         Warding  .     (gloves unavailable)
rMut   .         NoTele   +     (boots unavailable)
MR     .....                    (no amulet)
Stlth  ++........               (no ring)
                                q - ring of see invisible

@: tree-form, drained, not resistant to hostile enchantments, unstealthy
A: unfitting armour, (claws 0), fast metabolism 3, gourmand, regeneration 2,
(shaggy fur 0), (tough skin 0)
a: no special abilities


You were on level 6 of the Dungeon.
You were very full.
You were a tree.
You visited 2 branches of the dungeon, and saw 8 of its levels.

You collected 330 gold pieces.

Inventory:

Hand Weapons
 b - a +1 blowgun
Missiles
 f - 3 needles of slowing
 l - 2 throwing nets (quivered)
 r - 3 tomahawks
 u - 37 poisoned needles
Armour
 a - a +0 robe (melded)
Jewellery
 q - a ring of see invisible (left branch)
Wands
 k - a wand of enslavement (11)
Scrolls
 e - 4 scrolls of identify
 j - a scroll of amnesia
 o - a scroll of recharging
 p - 3 scrolls of teleportation
Potions
 g - 5 potions of curing
 h - 2 potions of haste
 m - 4 potions of mutation
 s - 2 potions of flight
 t - a potion of invisibility
Comestibles
 c - 3 meat rations
 i - a beef jerky
 v - 8 bread rations
 z - a slice of pizza


   Skills:
 + Level 5.1(4.3) Fighting
 + Level 4.8(4.0) Throwing
 + Level 5.5(4.7) Dodging
 - Level 1.1(0.4) Stealth
 + Level 6.9(6.1) Unarmed Combat


You had 7 spell levels left.
You didn't know any spells.

Dungeon Overview and Level Annotations

Branches:
Dungeon (7/15)             Temple (1/1) D:6

Altars:
Dithmenos
Elyvilon
Fedhas
Gozag
Kikubaaqudgha
Makhleb
Nemelex Xobeh
Okawaru
Qazlal
Ru
Sif Muna
Trog
Vehumet
Yredelemnul
Zin
The Shining One

Annotations:
D:6 Pikel


Innate Abilities, Weirdness & Mutations

You are too large for most types of armour.
((You have claws for hands.))
Your metabolism is lightning-fast.
You like to eat raw meat.
You heal very quickly.
((You are covered in fur (AC +1).))
((You have very tough skin (AC +2).))


Message History

You feel less invigorated.
You feel less confused. The slave hits you.
* * * LOW HITPOINT WARNING * * *
The slave hits you.
* * * LOW HITPOINT WARNING * * *
Drink which item? (? for menu, Esc to quit)
You turn into a tree.
Your +0 robe melds into your body.
Your roots penetrate the ground.
Pikel hits you but does no damage. The slave hits you but does no damage.
The slave hits you.
* * * LOW HITPOINT WARNING * * *
You barely miss Pikel.
Pikel is severely wounded.
The slave hits you but does no damage. The slave hits you.
* * * LOW HITPOINT WARNING * * *
Pikel hits you but does no damage.
You smack Pikel!
Pikel is almost dead.
The slave hits you.
You die...

#)..####..##'##.## ##.#
#####.....#...'..# ### #.#
.......#'##...#..# ###.# #.##
##..#'##..#'###..# ##...####.#
.####[.#.)#..#...####.....###.#
.#..#..####).+.......(....##..#
##..'..#..#.)#...........#..###
.#######..####P..p.........##
................♣K..>.....##
.................p.....#..#
.[.....######....#....##..##
...##..# #....########..####
..###..## ##....# ##.....#
..#>....####.....# #..#####
.........#.......## ###..#
....##............####...##
...####.....##...........#


You could see Pikel and 2 slaves.

Vanquished Creatures
  A water moccasin (D:5)
  A sky beast (D:5)
  2 ogres (D:6)
  2 centaurs
  A big kobold (D:4)
  2 giant frogs
  5 wights (D:6)
  2 orc priests
  A centaur zombie (D:6)
  2 centaur skeletons (D:6)
  A giant frog skeleton (D:5)
  6 orc wizards
  3 hounds
  3 worker ants
  A hound zombie (D:6)
  A hound skeleton (D:6)
  A worker ant zombie (D:6)
  7 adders
  6 gnolls (D:6)
  A shadow imp (D:6)
  An adder skeleton (D:5)
  8 worms
  5 giant geckos
  24 orcs
  10 bats
  15 goblins
  9 hobgoblins
  2 quokkas
  A ball python (D:2)
  2 ball python skeletons
  3 giant cockroaches
  A giant gecko skeleton (D:4)
  5 giant newts
  16 kobolds
  A quokka zombie (D:5)
  8 rats
  A bush (D:4)
  A plant (D:4)
162 creatures vanquished.

Vanquished Creatures (collateral kills)
  A shadow imp (D:6)
  An orc (D:6)
2 creatures vanquished.

Grand Total: 164 creatures vanquished

Notes
Turn   | Place    | Note
--------------------------------------------------------------
     0 | D:1      | Geeful the Troll Monk began the quest for the Orb.
     0 | D:1      | Reached XP level 1. HP: 22/22 MP: 0/0
   347 | D:1      | Reached XP level 2. HP: 29/29 MP: 1/1
   558 | D:2      | Reached skill level 1 in Throwing
   558 | D:2      | Reached XP level 3. HP: 4/36 MP: 2/2
  1006 | D:2      | Found a sparkling altar of Nemelex Xobeh.
  1408 | D:3      | Found an opulent altar of Gozag.
  1408 | D:3      | Found a bloodstained altar of Trog.
  1437 | D:3      | Reached XP level 4. HP: 44/44 MP: 3/3
  1707 | D:3      | Reached XP level 5. HP: 36/53 MP: 4/4
  2078 | D:3      | Found an ancient bone altar of Kikubaaqudgha.
  2580 | D:4      | Reached skill level 5 in Unarmed Combat
  2580 | D:4      | Reached XP level 6. HP: 61/61 MP: 5/5
  3587 | D:5      | Entered Level 5 of the Dungeon
  3815 | D:5      | Found an iron altar of Okawaru.
  3827 | D:5      | Reached XP level 7. HP: 17/68 MP: 6/6
  4066 | D:5      | Noticed a water moccasin
  4084 | D:5      | Killed a water moccasin
  4428 | D:6      | Found a staircase to the Ecumenical Temple.
  4452 | Temple   | Entered the Ecumenical Temple
  4528 | D:6      | Reached skill level 6 in Unarmed Combat
  4679 | D:6      | Reached XP level 8. HP: 79/79 MP: 7/7
  5149 | D:6      | Reached skill level 5 in Dodging
  5626 | D:6      | Reached skill level 5 in Fighting
  6208 | D:7      | Noticed Pikel
  6235 | D:6      | HP: 4/120 [slave[Pikel] (6)]
  6237 | D:6      | Slain by a slave

Vault maps used:
D:1:      saegor_arrival_under_anarchy
D:2:      st_stairs_10, grunt_decor_mini_mirrors, nemelex_spade_bored_becter
D:3:      kiku_gazebo_pond_becter, grunt_temple_overflow_open
D:4:      lexackson_kobold_supper
D:5:      first_bread, okawaru_gym_becter
D:6:      corexii_shantytown, minmay_temple_entry_trees
D:7:      kennysheep_little_box, cheibriados_altar_1, serial_shops,
          nicolae_shop_behind_doors, shop, uniq_pikel, uniq_duvessa
Temple:   triangle_lava_temple_12

Action                   |  1- 3 |  4- 6 |  7- 9 || total
-------------------------+-------+-------+-------++-------
Melee: Unarmed           |    99 |   200 |   210 ||   509
 Fire: Blowgun           |       |       |     4 ||     4
Evoke: Wand              |       |       |     5 ||     5
  Use: Potion            |     4 |       |     3 ||     7
       Scroll            |     5 |     1 |     8 ||    14
 Stab: Sleeping          |     3 |     3 |     4 ||    10
  Eat: Chunk             |    19 |    21 |    22 ||    62
